 Dungeon Crawl Stone Soup version 0.30-a0-585-g93115170b9 (webtiles) character file.

Game seed: 13959664431933576118

76 cforsyth the Trooper (level 4, 0/41 HPs)
             Began as a Ghoul Monk on Jan 3, 2023.
             Slain by a black bear (4 damage)
             ... on level 3 of the Dungeon.
             The game lasted 00:02:11 (1510 turns).

cforsyth the Trooper (Ghoul Monk)                   Turns: 1510, Time: 00:02:11

Health: 0/41       AC:  2    Str: 16    XL:     4   Next: 32%
Magic:  3/3        EV: 12    Int:  5    God:
Gold:   125        SH:  0    Dex: 11    Spells: 3/3 levels left

rFire   . . .      SeeInvis .      - Unarmed
rCold   + . .      Faith    .    (no shield)
rNeg    + + +      Spirit   .    a - +0 robe
rPois   ∞          Reflect  .    (no helmet)
rElec   .          Harm     .    (no cloak)
rCorr   .          Rampage  .    (no gloves)
Will    .....                    (no boots)
Stlth   ++                       (no amulet)
HPRegen 0.00/turn                (no ring)
MPRegen 0.08/turn                (no ring)

@: inhibited regen
A: claws 1, cold resistance 1, negative energy resistance 3, inhibited
regeneration, torment resistance 2, devour on kill
a: no special abilities


You were on level 3 of the Dungeon.
You visited 1 branch of the dungeon, and saw 3 of its levels.

You collected 125 gold pieces.

Inventory:

Armour
 a - a +0 robe (worn)
Scrolls
 c - a scroll of fog {unknown}
 d - a scroll of magic mapping {unknown}
 f - a scroll of immolation {unknown}
 g - 2 scrolls of teleportation {unknown}
 h - a scroll of noise {unknown}
 l - a scroll of identify {unknown}
Potions
 b - a potion of ambrosia
 e - a potion of lignification {unknown}
 i - a potion of cancellation {unknown}
 j - a potion of mutation {unknown}
 k - a potion of brilliance {unknown}
 m - a potion of attraction {unknown}
 n - a potion of flight {unknown}
 o - a potion of curing {unknown}


   Skills:
 + Level 4.5 Fighting
 - Level 2.6 Dodging
 - Level 2.1 Stealth
 + Level 4.5 Unarmed Combat


You had 3 spell levels left.
You didn't know any spells.
Your spell library was empty.

Dungeon Overview and Level Annotations

Branches:
Dungeon (3/15)

Altars:

Shops:
D:1 !


Innate Abilities, Weirdness & Mutations

You are immune to poison.
You have sharp fingernails.
Your flesh is cold resistant. (rC+)
You are immune to negative energy. (rN+++)
You do not regenerate when monsters are visible.
You are immune to unholy pain and torment.
You thrive by killing the living.


Message History

The kobold hits you with a +0 trident!
You scratch the kobold.
The kobold is severely wounded.
The kobold hits you with a +0 trident.
You claw the kobold!
You kill the kobold!
You feel better.
You claw the black bear!
The black bear is moderately wounded.
The black bear bites you. The black bear claws you. x2
You claw the black bear!
The black bear is severely wounded.
The black bear barely misses you. The black bear claws you.
The black bear closely misses you.
You are too injured to fight recklessly!
You are too injured to fight recklessly!
You are too injured to fight recklessly!
You are too injured to fight recklessly!
You are too injured to fight recklessly!
You are too injured to fight recklessly!
You are too injured to fight recklessly!
You are too injured to fight recklessly!
You are too injured to fight recklessly!
You completely miss the black bear.
The black bear is severely wounded.
The black bear bites you!
* * * LOW HITPOINT WARNING * * *
The black bear closely misses you.
The black bear claws you but does no damage.
You completely miss the black bear.
The black bear is severely wounded.
The black bear completely misses you. The black bear claws you.
* * * LOW HITPOINT WARNING * * *
The black bear barely misses you.
You completely miss the black bear.
The black bear is severely wounded.
The black bear bites you.
* * * LOW HITPOINT WARNING * * *
The black bear closely misses you. The black bear claws you.
You die...

###.# # ..... .# ##..#
#'## ##...## #...##
#.....## #.....# ...
#...#.## ##....... #..##
#######.#..[####........
##...#
..............)'@)......
.....
#######.#...####.h......
...# #.##.## ##.......
..# #.#### #.....# #.#
#.# ##### #.(.## #<#
#.###...# #+## #.#
#.......# #.# #.#
#####...# #.### #.#
##.## ##.#.## #.#


You could see a black bear.

Vanquished Creatures
  4 adders (D:2)
  A dart slug (D:1)
  A ball python (D:1)
  5 endoplasms
  A giant cockroach (D:1)
  A goblin (D:1)
  3 hobgoblins
  3 jackals (D:1)
  3 quokkas (D:1)
  6 bats
  2 frilled lizards
  5 kobolds
  4 rats
39 creatures vanquished.

Notes
Turn   | Place    | Note
-------+----------+-------------------------------------------
     0 | D:1      | cforsyth the Ghoul Monk began the quest for the Orb.
     0 | D:1      | Reached XP level 1. HP: 19/19 MP: 0/0
    39 | D:1      | Reached XP level 2. HP: 19/26 MP: 1/1
    72 | D:1      | Found Cueze's Distillery.
   391 | D:1      | Reached XP level 3. HP: 33/33 MP: 2/2
   911 | D:2      | Reached XP level 4. HP: 23/41 MP: 3/3
  1144 | D:2      | Found a faded altar of an unknown god.
  1501 | D:3      | Noticed a black bear
  1510 | D:3      | Slain by a black bear

Illustrated notes

Levels and vault maps discovered:
D:1:      ncdulo_wetmaze, layout_rooms, serial_shops, shop,
          kennysheep_flooded_box, dk_noncrumbling_3, st_stairs_11,
          nicolae_concentric_dashed_squares_mild
D:2:      layout_loops_cross, basic_ecumenical_altar
D:3:      layout_loops_corners, nicolae_uskayaw_murder_on_the_dancefloor

Skill      XL: |  1  2  3 |
---------------+----------+-----
Fighting       | 4 |  4.5
Unarmed Combat | 4 |  4.5
Dodging        | |  2.6
Stealth        | |  2.1

Action                   |  1- 3 |  4- 6 || total
-------------------------+-------+-------++-------
Melee: Unarmed           |    94 |    29 ||   123
       Punch             |     1 |       ||     1
 Stab: Sleeping          |     5 |     2 ||     7
Armor: Robe              |    21 |     4 ||    25
Dodge: Dodged            |    66 |    16 ||    82

Table legend: (Time is in decaauts)
 A = Elapsed time spent in this place.
 B = Non-inter-level travel time spent in this place.
 C = Inter-level travel time spent in this place.
 D = Time resting spent in this place.
 E = Time spent auto-exploring this place.
 F = Levels seen in this place.
 G = Mean time per level.
                   A        B        C        D        E       F      G
               +--------+--------+--------+--------+--------+-----+--------+
         Total |   1507 |   1467 |     40 |      0 |   1178 |   3 |  502.3 |
       Dungeon |   1507 |   1467 |     40 |      0 |   1178 |   3 |  502.3 |
               +--------+--------+--------+--------+--------+-----+--------+

Top non-repeatable levels by time:
     D:1: 751 daAuts
     D:2: 696 daAuts
     D:3: 59 daAuts
